 Seeded DCSS version 0.30-a0-140-gd1020e658a (webtiles) character file.

Game seed: 5763865217001412483 (custom seed)

41886 purpskrrrp the Carver (level 14, -7/121 HPs)
             Began as an Octopode Fighter on Sept 24, 2022.
             Was a High Priest of Ashenzari.
             Mangled by a seven-headed hydra (8 damage)
             ... while petrified by a basilisk
             ... on level 5 of the Lair of Beasts.
             The game lasted 00:41:18 (14837 turns).

purpskrrrp the Carver (Octopode Fighter)           Turns: 14837, Time: 00:41:19

Health: -7/121     AC:  3    Str: 17    XL:     14   Next: 17%
Magic:  14/14      EV:  2    Int: 16    God:    Ashenzari [*****.]
Gold:   2192       SH:  0    Dex: 27    Spells: 14/14 levels left

rFire   . . .      SeeInvis +    N - +8 quick blade of Ashenzari's Oracle {flame, rC+, Range, Self} (curse)
rCold   + . .      Faith    .    b - +3 buckler of the Lashed Yoke {Fort, Bglg} (curse)
rNeg    + + +      Spirit   .    (helmet restricted)
rPois   ∞          Reflect  +    g - amulet of Ashenzari's Moon {Reflect SH+5, Range, Melee} (curse)
rElec   .          Harm     .    j - ring "Chained Together" {EV+4, Self, Cun} (curse)
rCorr   .          Rampage  .    m - ring "Portent of Ashenzari" {EV+4, Melee, Alch} (curse)
Will    +....      Clarity  +    o - ring of Apeoromancy {rN+, Fort, Cun} (curse)
Stlth   ++++++....               k - ring of the Unyielding Gaze {Dex+6, Elem, Fort} (curse)
HPRegen 0.30/turn                u - ring of positive energy
MPRegen 0.14/turn                z - +6 ring of intelligence
                                 E - ring of the Restrained Dismay {rPois, Self, Cun} (curse)
                                 K - ring of the Ensconced Gnosis {Dex+6, Comp, Fort} (curse)

@: petrified
A: almost no armour, amphibious, 8 rings, camouflage 1, gelatinous body 1,
(nimble swimmer 1), tentacles, iridescent scales 1, robust 1
a: Renounce Religion, Curse Item, Shatter the Chains


You were on level 5 of the Lair of Beasts.
You worshipped Ashenzari.
Ashenzari was extremely pleased with you.
You visited 3 branches of the dungeon, and saw 19 of its levels.
You also visited: Bailey.

You collected 2192 gold pieces.

Inventory:

Hand Weapons
 a - a +0 long sword
 D - the +6 short sword of the Evening {vamp, rN+ Dex+4}
   (You found it on level 6 of the Dungeon)

   It occasionally heals its wielder for a portion of the damage dealt when it
   wounds a living foe.
   Dex:       It affects your dexterity (+4).
   rN:        It protects you from negative energy.
 N - the cursed +8 quick blade of Ashenzari's Oracle (weapon) {flame, rC+, Range, Self}
   (You acquired it on level 8 of the Dungeon)

   It burns those it strikes, dealing additional fire damage.
   rC:        It protects you from cold.
   It has a curse which improves the following skills: Ranged Combat: Ranged
   Weapons and Throwing.
   Introspection: Fighting and Spellcasting.
 T - the +9 heavy crossbow "Sniper" {vorpal, Acc+∞ SInv}
   (You found it on level 12 of the Dungeon)

   Any ammunition fired from it inflicts extra damage upon your enemies.
   Any ammunition fired from it never misses its target.
   SInv:      It lets you see invisible.
 W - the +5 dagger "Acorig" {elec, Fragile rF- rN+++ rCorr}
   (You found it on level 2 of the Lair of Beasts)

   It occasionally discharges a powerful burst of electricity upon striking a
   foe.
   rF:        It makes you vulnerable to fire.
   rN:        It renders you almost immune to negative energy.
   rCorr:     It protects you from acid and corrosion.
   Fragile:   It will be destroyed if unequipped.
 Y - a +5 triple sword of protection
Armour
 b - the cursed +3 buckler of the Lashed Yoke (worn) {Fort, Bglg}

   It has a curse which improves the following skills: Fortitude: Shields.
   Beguiling: Conjurations, Hexes and Translocations.
Jewellery
 g - the cursed amulet of Ashenzari's Moon (around mantle) {Reflect SH+5, Range, Melee}
   (You found it on level 1 of the Dungeon)

   [amulet of reflection]

   It reflects blocked missile attacks.
   SH:        It affects your SH (+5).
   It has a curse which improves the following skills: Ranged Combat: Ranged
   Weapons and Throwing.
   Melee Combat: Short Blades, Long Blades, Axes, Maces & Flails, Polearms,
   Staves and Unarmed Combat.
 j - the cursed ring "Chained Together" (left tentacle) {EV+4, Self, Cun}
   (You found it on level 2 of the Dungeon)

   [ring of evasion]

   EV:        It affects your evasion (+4).
   It has a curse which improves the following skills: Introspection: Fighting
   and Spellcasting.
   Cunning:   Dodging and Stealth.
 k - the cursed ring of the Unyielding Gaze (on tentacle) {Dex+6, Elem, Fort}
   (You found it on level 3 of the Dungeon)

   [ring of dexterity]

   Dex:       It affects your dexterity (+6).
   It has a curse which improves the following skills: Elements: Fire Magic, Ice
   Magic, Air Magic and Earth Magic.
   Fortitude: Shields.
 m - the cursed ring "Portent of Ashenzari" (right tentacle) {EV+4, Melee, Alch}
   (You found it on level 2 of the Dungeon)

   [ring of evasion]

   EV:        It affects your evasion (+4).
   It has a curse which improves the following skills: Melee Combat: Short
   Blades, Long Blades, Axes, Maces & Flails, Polearms, Staves and Unarmed
   Combat.
   Alchemy:   Poison Magic and Transmutations.
 o - the cursed ring of Apeoromancy (on tentacle) {rN+, Fort, Cun}
   (You found it on level 2 of the Dungeon)

   [ring of positive energy]

   rN:        It protects you from negative energy.
   It has a curse which improves the following skills: Fortitude: Shields.
   Cunning:   Dodging and Stealth.
 u - a ring of positive energy (on tentacle)
 z - a +6 ring of intelligence (on tentacle)
 A - a ring of protection from cold
 E - the cursed ring of the Restrained Dismay (on tentacle) {rPois, Self, Cun}
   (You took it off a gnoll in a bailey)

   [ring of poison resistance]

   rPois:     It protects you from poison.
   It has a curse which improves the following skills: Introspection: Fighting
   and Spellcasting.
   Cunning:   Dodging and Stealth.
 K - the cursed ring of the Ensconced Gnosis (on tentacle) {Dex+6, Comp, Fort}
   (You found it on level 7 of the Dungeon)

   [ring of dexterity]

   Dex:       It affects your dexterity (+6).
   It has a curse which improves the following skills: Companions: Summonings
   and Necromancy.
   Fortitude: Shields.
 U - a ring of fire
 V - an amulet of magic regeneration
Wands
 B - a wand of flame (78)
 M - a wand of charming (24)
 O - a wand of iceblast (4)
 P - a wand of polymorph (17)
 S - a wand of light (6)
 Z - a wand of digging (3)
Scrolls
 c - 7 scrolls of teleportation
 e - 5 scrolls of vulnerability
 i - 5 scrolls of fear
 r - 4 scrolls of noise
 s - 3 scrolls of poison
 w - 3 scrolls of blinking
 y - a scroll of immolation
 G - a scroll of butterflies
 H - 2 scrolls of magic mapping
 X - a scroll of silence
Potions
 d - 9 potions of curing
 f - 6 potions of attraction
 h - a potion of might
 l - 3 potions of ambrosia
 p - 4 potions of magic
 q - 4 potions of mutation
 t - 2 potions of heal wounds
 v - 3 potions of cancellation
 x - 3 potions of degeneration
 C - a potion of haste
 I - a potion of invisibility
 J - 2 potions of berserk rage
 L - 5 potions of flight
 Q - 4 potions of brilliance
Miscellaneous
 F - a phial of floods
 R - a lightning rod (4/4)


   Skills:
 + Level 10.7(15.2) Fighting
 * Level 10.2(15.6) Short Blades
 - Level 12.5(17.0) Long Blades
 - Level 4.0(7.1) Ranged Weapons
 + Level 10.7(15.2) Dodging
 + Level 6.3(10.7) Stealth
 + Level 10.7(16.2) Shields


You had 14 spell levels left.
You didn't know any spells.
Your spell library contained the following spells:

 Spells                   Type           Power      Damage    Failure   Level
 Apportation              Tloc           2%         N/A       24%         1
 Foxfire                  Conj/Fire      4%         2x1d4     24%         1
 Necrotise                Necr           4%         1d4       24%         1
 Slow                     Hex            4%         N/A       24%         1
 Summon Small Mammal      Summ           4%         N/A       24%         1
 Ensorcelled Hibernation  Hex/Ice        2%         N/A       34%         2
 Passwall                 Tmut/Erth      0%         N/A       34%         2
 Confusing Touch          Hex            1%         N/A       56%         3
 Gell's Gravitas          Tloc           1%         N/A       56%         3
 Inner Flame              Hex/Fire       1%         N/A       56%         3
 Kindle Blastsparks       Fire/Tloc/Air  2%         2d10      56%         3
 Swiftness                Air            1%         N/A       56%         3
 Teleport Other           Tloc           1%         N/A       56%         3
 Vampiric Draining        Necr           1%         2d6       56%         3
 Flame Wave               Conj/Fire      1%         2d4       93%         4
 Petrify                  Tmut/Erth      1%         N/A       93%         4
 Arcjolt                  Conj/Air       0%         1d10      100%        5
 Iskenderun's Battlesphe  Conj           1%         2d6       100%        5
 Metabolic Englaciation   Hex/Ice        0%         N/A       100%        5
 Dispersal                Tloc           0%         N/A       100%        6
 Iron Shot                Conj/Erth      0%         9d1       100%        6
 Statue Form              Tmut/Erth      0%         N/A       100%        6
 Spellforged Servitor     Conj/Summ      0%         N/A       100%        7


Dungeon Overview and Level Annotations

Branches:
Dungeon (13/15)            Temple (1/1) D:5            Lair (5/5) D:9
 Shoals (0/4) Lair:3        Snake (0/4) Lair:2        Slime (0/5) Lair:5
    Orc (0/2) D:12         Bailey (visited)
 Vaults: D:13-14

Altars:
Ashenzari
Cheibriados
Dithmenos
Elyvilon
Fedhas
Gozag
Hepliaklqana
Kikubaaqudgha
Makhleb
Nemelex Xobeh
Okawaru
Qazlal
Ru
Sif Muna
Trog
Uskayaw
Vehumet
Wu Jian
Xom
Yredelemnul
Zin
The Shining One
Jiyva

Shops:
D:5 *   D:12 *

Portals:
Abyss: D:8

Annotations:
D:3 2 transporters, Darkkill's ghost, amateur DsWn
D:8 2 transporters, Daxter95's ghost, novice DsGl
D:12 3 runed translucent doors, exclusion: obsidian statue, Synwij's ghost, journeyman DsFi
Temple 2 transporters
Lair:1 3 runed translucent doors, Gilleps's ghost, journeyman GrWn
Lair:5 1 runed translucent door


Innate Abilities, Weirdness & Mutations

You cannot wear most types of armour.
You are amphibious.
You can wear up to eight rings at the same time.
Your skin changes colour to match your surroundings (Stealth+).
Your rubbery body absorbs attacks. (AC +1, EV +1)
((You are camouflaged when in or above water. (Stealth+)))
You have tentacles for arms and can constrict up to eight enemies at once.
You are partially covered in iridescent scales. (AC +2)
You are robust. (+10% HP)


Message History

Your cane toad holds its ground!
The elephant trunk-slaps your cane toad but does no damage.
The wolf misses your dream sheep.
Your cane toad stings the elephant!
The elephant looks as sick as possible!
Your cane toad poisons the elephant!
Your cane toad stings the elephant!
The wolf bites you.
The dream sheep attempt to lull the elephant to sleep.
The elephant is unaffected.
Your dream sheep bites the wolf. x2
The wolf closely misses your dream sheep. x2
The seven-headed hydra bites you! x3
The seven-headed hydra bites you but does no damage.
The seven-headed hydra bites you.
* * * LOW HITPOINT WARNING * * *
The seven-headed hydra bites you but does no damage.
The seven-headed hydra bites you!
* * * LOW HITPOINT WARNING * * *
Your cane toad stings the elephant but does no damage.
Your cane toad stings the elephant.
The elephant looks as sick as possible!
Your cane toad poisons the elephant!
The elephant completely misses your cane toad.
The elephant trunk-slaps your cane toad but does no damage.
The elephant tramples your cane toad.
Your cane toad stumbles backwards!
The wolf bites your dream sheep but does no damage.
Your dream sheep bites the wolf!
Your dream sheep barely misses the wolf.
Your dream sheep bites the elephant but does no damage.
The wolf bites your dream sheep!
Your cane toad stings the elephant!
The elephant dies!
The wolf bites your dream sheep. The seven-headed hydra bites you!
* * * LOW HITPOINT WARNING * * *
The seven-headed hydra bites you but does no damage.
The seven-headed hydra bites you!
* * * LOW HITPOINT WARNING * * *
The seven-headed hydra bites you!
* * * LOW HITPOINT WARNING * * *
The seven-headed hydra bites you!
* * * LOW HITPOINT WARNING * * *
The seven-headed hydra bites you!
* * * LOW HITPOINT WARNING * * *
The seven-headed hydra bites you!
You die...

....###.....#.... #... ,,, ,
..P.##PP...#..#.##...##. ,,*,
..P.##PP......#......... , ,
..####.......#...⌠...⌠..,,,,*
,,, ..#.##.............<....
, ,,
...#.........#.hY⌠...⌠..,
#..#P.........SYhYY.....* ,,
, ...PP.....?...#D#hh...#, ,
, ...........##..F@Y..## ,
.††.........##YFY....... * ,,
..............#Y......## *,,
#...............###+### * ,
.#..............## ,,{, ,, ,
, #..........##$###* {{ ,, ,
, .....##.#...#### *{ ,* ,,
,, .....########## {{*, * *,,
* .....# **** , ,* * ** * *


You could see a seven-headed hydra, 4 elephants, a water moccasin, 4 wolves, 2
friendly cane toads and 4 friendly dream sheep.

Vanquished Creatures
  Jorgrun (D:12)
  Rupert (Lair:3)
  An orc warlord (Bailey)
  4 two-headed ogres
  A boulder beetle (D:12)
  3 death yaks
  Urug (D:11)
  Nergalle (Lair:1)
  3 orc knights (Bailey)
  An oklob plant (Lair:4)
  Pikel (D:6)
  A manticore (Lair:3)
  7 elephants
  2 black mambas
  Maurice (D:12)
  A gargoyle (D:12)
  5 cane toads
  A rime drake (Lair:3)
  4 komodo dragons
  A polar bear (Lair:3)
  2 trolls
  A wind drake (Lair:3)
  Prince Ribbit (D:6)
  16 slime creatures (D:12)
  11 blink frogs
  A shadow (D:12)
  A vampire (D:12)
  A spriggan (Lair:4)
  A wyvern (D:10)
  A wraith (D:11)
  Eustachio (D:6)
  33 yaks
  4 basilisks
  2 steam dragons
  5 vampire mosquitoes
  15 water moccasins
  15 orc warriors
  4 ice beasts
  2 sky beasts (D:7)
  2 black bears
  An ogre (D:4)
  17 wolves
  14 centaurs
  A phantom (D:6)
  2 lemures (D:6)
  4 kobold brigands
  2 gnoll sergeants
  12 bullfrogs
  2 necrophages
  12 wights
  5 killer bees (D:9)
  An electric eel (Lair:4)
  7 orc priests
  6 hounds
  5 iguanas
  20 hell rats
  8 orc wizards
  24 gnolls
  4 adders
  A white imp (D:6)
  2 ufetubi
  2 worms
  2 dart slugs
  52 orcs
  6 ball pythons
  7 endoplasms
  3 giant cockroaches
  9 goblins
  18 hobgoblins
  8 jackals
  4 quokkas
  4 bats
  2 frilled lizards
  16 kobolds
  7 rats
  A butterfly (Lair:1)
  A plant (Lair:4)
452 creatures vanquished.

Vanquished Creatures (collateral kills)
  An elephant (Lair:5)
1 creature vanquished.

Vanquished Creatures (others)
  11 fungi
  28 plants
39 creatures vanquished.

Grand Total: 492 creatures vanquished

Notes
Turn   | Place    | Note
-------+----------+-------------------------------------------
     0 | D:1      | purpskrrrp the Octopode Fighter began the quest for the
                  | Orb.
     0 | D:1      | Reached XP level 1. HP: 16/16 MP: 1/1
   254 | D:1      | Reached XP level 2. HP: 20/21 MP: 2/2
   741 | D:1      | Reached XP level 3. HP: 26/26 MP: 3/3
   884 | D:2      | Found a hazy altar of Hepliaklqana.
  1703 | D:3      | Reached XP level 4. HP: 18/32 MP: 4/4
  1915 | D:3      | Reached XP level 5. HP: 30/37 MP: 5/5
  1950 | D:3      | Reached skill level 3 in Long Blades
  2026 | D:3      | Noticed a phantom
  2027 | D:3      | Found a transporter.
  2141 | D:3      | Found a faded altar of an unknown god.
  2171 | D:3      | Found a transporter.
  2171 | D:3      | Noticed Darkkill's ghost (amateur DsWn)
  2488 | D:4      | Reached XP level 6. HP: 41/43 MP: 6/6
  2985 | D:4      | Reached skill level 4 in Long Blades
  2985 | D:4      | Reached XP level 7. HP: 49/49 MP: 7/7
  3233 | D:5      | Entered Level 5 of the Dungeon
  3334 | D:5      | Found a staircase to the Ecumenical Temple.
  3366 | Temple   | Entered the Ecumenical Temple
  3366 | Temple   | Found a transporter.
  3366 | Temple   | Found a transporter.
  3368 | Temple   | Found a transporter.
  3368 | Temple   | Found a transporter.
  3400 | Temple   | Became a worshipper of Ashenzari the Shackled
  3506 | D:5      | Found Dacomuss's Fire Supplies.
  4068 | D:6      | Reached skill level 5 in Fighting
  4068 | D:6      | Reached skill level 5 in Dodging
  4068 | D:6      | Reached skill level 5 in Shields
  4172 | D:6      | Noticed Pikel
  4186 | D:6      | Killed Pikel
  4187 | D:6      | Reached skill level 5 in Long Blades
  4187 | D:6      | Reached XP level 8. HP: 54/56 MP: 8/8
  4202 | D:6      | Identified the +6 short sword of the Evening {vamp, rN+
                  | Dex+4}
  4235 | D:6      | Noticed Prince Ribbit
  4291 | D:6      | Killed Prince Ribbit
  4292 | D:6      | Reached skill level 1 in Short Blades
  4321 | D:6      | Reached skill level 6 in Long Blades
  4365 | D:6      | Reached XP level 9. HP: 62/62 MP: 9/9
  4513 | D:6      | Noticed Eustachio
  4524 | D:6      | Killed Eustachio
  4671 | D:6      | Reached skill level 7 in Long Blades
  4676 | D:6      | Gained mutation: You possess an exceptional clarity of
                  | mind. [potion of mutation]
  4676 | D:6      | Gained mutation: You are weak. (Str -2) [potion of
                  | mutation]
  4676 | D:6      | Gained mutation: You are somewhat resistant to further
                  | mutation. [potion of mutation]
  4757 | D:7      | Found a flagged portal.
  4772 | Bailey   | Entered a bailey
  4797 | Bailey   | Noticed an orc knight
  4819 | Bailey   | Killed an orc knight
  5165 | Bailey   | Noticed an orc warlord
  5165 | Bailey   | Noticed an orc knight
  5176 | Bailey   | Reached XP level 10. HP: 69/69 MP: 10/10
  5188 | Bailey   | Killed an orc knight
  5189 | Bailey   | Reached skill level 8 in Long Blades
  5206 | Bailey   | Killed an orc warlord
  5209 | Bailey   | Noticed an orc knight
  5278 | Bailey   | Killed an orc knight
  5448 | Bailey   | Acquired 793 gold pieces
  5548 | D:7      | Reached * piety under Ashenzari
  5595 | D:7      | Found a bloodstained altar of Trog.
  5595 | D:7      | Found a hazy altar of Hepliaklqana.
  5636 | D:7      | Reached skill level 9 in Long Blades
  5962 | D:7      | Reached skill level 5 in Short Blades
  6100 | D:7      | Lost mutation: You possess an exceptional clarity of mind.
                  | [potion of mutation]
  6100 | D:7      | Lost mutation: You are somewhat resistant to further
                  | mutation. [potion of mutation]
  6100 | D:7      | Gained mutation: You have hidden genetic potential. [potion
                  | of mutation]
  6100 | D:7      | Lost mutation: You are weak. (Str -2) [potion of mutation]
  6541 | D:8      | Reached XP level 11. HP: 77/77 MP: 11/11
  6617 | D:8      | Found a transporter.
  6649 | D:8      | Found a transporter.
  6655 | D:8      | Noticed a brown ugly thing
  6820 | D:8      | Reached skill level 10 in Long Blades
  6827 | D:8      | Found a one-way gate to the infinite horrors of the Abyss.
  6827 | D:8      | Noticed Daxter95's ghost (novice DsGl)
  6831 | D:8      | Acquired the +8 quick blade of the Heavens {flame, rC+}
  7182 | D:9      | Noticed a death yak
  7182 | D:9      | Found a staircase to the Lair.
  7186 | D:9      | Noticed a death yak
  7192 | D:9      | Noticed a death yak
  7233 | D:9      | Noticed a two-headed ogre
  7241 | D:8      | Killed a death yak
  7265 | D:8      | Gained mutation: You are partially covered in iridescent
                  | scales. (AC +2) [hidden potential]
  7327 | D:9      | Killed a death yak
  7355 | D:9      | Killed a death yak
  7370 | D:9      | Killed a two-headed ogre
  7592 | D:9      | Found a white marble altar of Elyvilon.
  7762 | D:9      | Reached skill level 11 in Long Blades
  7924 | D:9      | Reached ** piety under Ashenzari
  8130 | D:10     | Entered Level 10 of the Dungeon
  8271 | D:10     | Reached XP level 12. HP: 87/87 MP: 12/12
  8271 | D:10     | Noticed a two-headed ogre
  8271 | D:10     | Noticed a two-headed ogre
  8281 | D:10     | Killed a two-headed ogre
  8288 | D:10     | Killed a two-headed ogre
  8295 | D:10     | Identified the +6 long sword of Profit {freeze, rPois
                  | Dex+3}
  8736 | D:11     | Noticed Urug
  8755 | D:11     | Killed Urug
  8763 | D:11     | Gained mutation: You are robust. (+10% HP) [hidden
                  | potential]
  8763 | D:11     | Lost mutation: You have hidden genetic potential. [hidden
                  | potential expressed]
  9580 | D:12     | Found the +9 heavy crossbow "Sniper" {vorpal, Acc+∞ SInv}
  9609 | D:12     | Noticed a boulder beetle
  9643 | D:12     | Killed a boulder beetle
  9644 | D:12     | Reached skill level 12 in Long Blades
  9737 | D:12     | Found a runed translucent gate.
  9738 | D:12     | Found a runed translucent gate.
  9738 | D:12     | Found an opulent altar of Gozag.
  9739 | D:12     | Found a runed translucent gate.
  9740 | D:12     | Noticed a boulder beetle
  9740 | D:12     | Noticed Synwij's ghost (journeyman DsFi)
 10068 | D:12     | Noticed Jorgrun
 10090 | D:12     | Killed Jorgrun
 10097 | D:12     | Noticed a two-headed ogre
 10121 | D:12     | Killed a two-headed ogre
 10200 | D:12     | Found a staircase to the Orcish Mines.
 10204 | D:12     | Reached XP level 13. HP: 76/104 MP: 13/13
 10214 | D:12     | Reached *** piety under Ashenzari
 10406 | D:12     | Reached skill level 1 in Stealth
 10476 | D:12     | Reached skill level 1 in Ranged Weapons
 10632 | D:12     | Noticed Maurice
 10640 | D:12     | Killed Maurice
 10764 | D:12     | Found Udaf Arph's Assorted Antiques.
 10825 | D:13     | Noticed a vault guard
 10825 | D:13     | Noticed a vault guard
 10825 | D:13     | Noticed a vault guard
 10825 | D:13     | Noticed a vault guard
 10954 | Lair:1   | Entered Level 1 of the Lair of Beasts
 10998 | Lair:1   | Found a runed translucent gate.
 10999 | Lair:1   | Found a runed translucent gate.
 11000 | Lair:1   | Found a runed translucent gate.
 11064 | Lair:1   | Noticed Nergalle
 11079 | Lair:1   | Killed Nergalle
 11080 | Lair:1   | Reached skill level 10 in Shields
 11110 | Lair:1   | Reached **** piety under Ashenzari
 11167 | Lair:1   | Reached skill level 10 in Fighting
 11189 | Lair:1   | Reached skill level 10 in Dodging
 11460 | Lair:1   | Noticed Gilleps's ghost (journeyman GrWn)
 11460 | Lair:1   | Identified the ring "Qiuczim" {Fire Contam Fly rN++ rCorr}
 12032 | Lair:2   | Found a staircase to the Snake Pit.
 12104 | Lair:2   | Identified the +5 dagger "Acorig" {elec, Fragile rF- rN+++
                  | rCorr}
 13054 | Lair:3   | Noticed Rupert
 13091 | Lair:3   | Killed Rupert
 13092 | Lair:3   | Reached skill level 5 in Stealth
 13115 | Lair:3   | Reached ***** piety under Ashenzari
 13451 | Lair:3   | Found a staircase to the Shoals.
 13846 | Lair:4   | Reached XP level 14. HP: 121/121 MP: 14/14
 14286 | Lair:4   | Reached skill level 10 in Short Blades
 14706 | Lair:5   | Entered Level 5 of the Lair of Beasts
 14711 | Lair:5   | Found a runed translucent door.
 14711 | Lair:5   | Found a viscous altar of Jiyva.
 14714 | Lair:5   | Found a staircase to the Slime Pits.
 14837 | Lair:5   | HP: 4/121 [seven-headed hydra (6)]
 14837 | Lair:5   | HP: 1/121 [seven-headed hydra (3)]
 14837 | Lair:5   | Mangled by a seven-headed hydra

Illustrated notes

Levels and vault maps discovered:
D:1:      elethiomel_arrival_maze, layout_rooms
D:2:      layout_basic, basic_altar, serial_aquarium, aquarium_bridge_square
          [aquarium_subvault_wall, aquarium_subvault_bridge,
          aquarium_subvault_wall, aquarium_subvault_bridge],
          aquarium_window_fake, aquarium_window_fake, aquarium_view_2a,
          nicolae_elevator_lobby_plus
D:3:      layout_loops_ring, gammafunk_ghost_mausoleum,
          ebering_ecumenical_altar_abandoned, st_stairs_9,
          chequers_serial_rivers_small_a, grunt_ministairs_15
D:4:      layout_gridville, minmay_bisected
D:5:      layout_gridville, minmay_temple_entry_poolview, serial_park_tiny_2,
          supply_closet_lemuel, minmay_crystal_water, solitary_fountain,
          minmay_misc_feat_doors, nicolae_shop_fire_sale
          [nicolae_sub_dead_trees], minmay_misc_feat_nine_boxes
D:6:      layout_basic, uniq_prince_ribbit1, uniq_eustachio, uniq_pikel
D:7:      layout_rooms, gammafunk_temple_overflow_pools, enter_bailey_2,
          grunt_decor_one_mirror, centaur_isle
D:8:      layout_loops_corners, gammafunk_ghost_abyssal_escape
D:9:      layout_loops_ring, lemuel_tele_altar, dpeg_lair_monsters
D:10:     layout_rooms, grunt_ministairs_1
D:11:     layout_irregular_city, uniq_urug
D:12:     layout_rooms, david_orc_3, ebering_ghost_gozag, uniq_maurice,
          uniq_jorgrun
D:13:     layout_long_grid, erik_vaults_2, yredelemnul_altar_generic,
          uniq_nessos
Temple:   hellmonk_temple_divided_pantheon
Lair:1:   layout_hall_layers, gammafunk_ghost_icy, patterned_corridor,
          grunt_megastairs_4, lemuel_fruit_fields, uniq_nergalle
Lair:2:   layout_layer_cave, minmay_snake_entry_six_corridors,
          infiniplex_staircase_pool
Lair:3:   layout_misc_corridors, minmay_shoals_entry_beasts,
          lemuel_fruit_fields, grunt_megastairs_3, lemuel_fruit_tree,
          uniq_rupert
Lair:4:   layout_layer_cave, wad_woods_03, grunt_megastairs_1,
          infiniplex_staircase_pool_2, serial_bayou_shore_b,
          serial_bayou_shore_a
Lair:5:   guppyfry_lair_end_dragon, layout_cave_pods, hangedman_lair_in_review,
          slime_entry_2, chequers_serial_rivers_micro_b, grunt_megastairs_2

Skill      XL: |  1  2  3  4  5  6  7  8  9 10 11 12 13 14 |
---------------+-------------------------------------------+-----
Long Blades    | 3 4 5 6 7 9 11 12 | 12.5
Fighting       | 4 5 6 7 8 9 10 | 10.7
Dodging        | 4 5 6 7 8 9 10 | 10.7
Shields        | 4 5 6 7 8 9 10 | 10.7
Short Blades   | 2 3 5 6 7 9 10 | 10.2
Stealth        | 5 6 |  6.3
Ranged Weapons | 3 4 |  4.0

Action                   |  1- 3 |  4- 6 |  7- 9 | 10-12 | 13-15 || total
-------------------------+-------+-------+-------+-------+-------++-------
Melee: Long sword        |    63 |    85 |    48 |       |       ||   196
       Constrict         |    18 |    24 |    55 |    69 |    69 ||   235
       Tentacles         |    10 |    23 |    69 |   238 |   208 ||   548
       Punch             |     1 |     2 |     6 |    16 |    10 ||    35
       Short sword       |       |       |   179 |   205 |       ||   384
       Quick blade       |       |       |       |   521 |   544 ||  1065
Invok: Curse Item        |       |       |     1 |     4 |     4 ||     9
  Use: Scroll            |     3 |     3 |     3 |     8 |     4 ||    21
       Potion            |       |     3 |     1 |     7 |     1 ||    12
 Stab: Sleeping          |     5 |     7 |     4 |    13 |    21 ||    50
       Distracted        |       |     1 |       |     2 |     2 ||     5
Armor: Skin              |     7 |     1 |     2 |     6 |     5 ||    21
Dodge: Dodged            |    42 |    56 |   110 |   232 |   146 ||   586
Block: Buckler           |    34 |    42 |   113 |   264 |   214 ||   667
       Reflection        |       |     2 |     4 |    28 |     4 ||    38

Table legend: (Time is in decaauts)
 A = Elapsed time spent in this place.
 B = Non-inter-level travel time spent in this place.
 C = Inter-level travel time spent in this place.
 D = Time resting spent in this place.
 E = Time spent auto-exploring this place.
 F = Levels seen in this place.
 G = Mean time per level.
                   A        B        C        D        E       F      G
               +--------+--------+--------+--------+--------+-----+--------+
         Total |  14031 |  13444 |    587 |    907 |   9954 |  20 |  701.5 |
       Dungeon |   9730 |   9254 |    476 |    530 |   7006 |  13 |  748.5 |
        Temple |     52 |     52 |      0 |      0 |      0 |   1 |   52.0 |
          Lair |   3564 |   3454 |    110 |    234 |   2732 |   5 |  712.8 |
        Bailey |    684 |    684 |      0 |    143 |    216 |   1 |  684.0 |
               +--------+--------+--------+--------+--------+-----+--------+

Top non-repeatable levels by time:
    D:12: 1108 daAuts
     D:8: 1075 daAuts
  Lair:2: 1065 daAuts
  Lair:4: 877 daAuts
     D:3: 851 daAuts
     D:1: 822 daAuts
     D:4: 800 daAuts
     D:2: 800 daAuts
    D:11: 799 daAuts
     D:9: 784 daAuts
  Lair:1: 774 daAuts
     D:5: 749 daAuts
  Lair:3: 746 daAuts
  Bailey: 684 daAuts
     D:6: 678 daAuts
